 Dungeon Crawl Stone Soup version 0.27-a0-1084-g78b3836a5f (webtiles) character file.

Game seed: 10757473237278791402

73 siradein the Chopper (level 4, -4/39 HPs)
             Began as a Hill Orc Monk on Apr 27, 2021.
             Slain by Terence
             ... wielding a +0 mace
              (7 damage)
             ... on level 2 of the Dungeon.
             The game lasted 00:02:58 (1794 turns).

siradein the Chopper (Hill Orc Monk)                Turns: 1794, Time: 00:02:58

Health: -4/39      AC:  8    Str: 14    XL:     4   Next: 27%
Magic:  4/4        EV:  6    Int: 10    God:
Gold:   66         SH:  0    Dex: 13    Spells: 3/3 levels left

rFire    . . .     SeeInvis .   a - +0 hand axe
rCold    . . .     Faith    .   (no shield)
rNeg     . . .     Spirit   .   e - +0 chain mail
rPois    .         Reflect  .   (no helmet)
rElec    .         Harm     .   (no cloak)
rCorr    .         Rampage  .   (no gloves)
Will     .....                  (no boots)
Stlth    ..........             (no amulet)
HPRegen  0.13/turn              (no ring)
MPRegen  0.09/turn              (no ring)

@: no status effects
A: no striking features
a: no special abilities


You were on level 2 of the Dungeon.
You visited 1 branch of the dungeon, and saw 2 of its levels.

You collected 66 gold pieces.

Inventory:

Hand Weapons
 a - a +0 hand axe (weapon)
Armour
 e - a +0 chain mail (worn)
Scrolls
 c - a scroll of noise {unknown}
Potions
 d - a potion of degeneration {unknown}


   Skills:
 - Level 3.6 Fighting
 + Level 6.6 Axes
 - Level 2.4 Dodging
 - Level 1.5 Stealth


You had 3 spell levels left.
You didn't know any spells.
Your spell library was empty.

Dungeon Overview and Level Annotations

Branches:
Dungeon (2/15)

Altars:

Annotations:
D:2 Terence


Message History

Terence hits you with a +0 mace.
You barely miss Terence.
Terence is severely wounded.
Terence hits you but does no damage.
You hit Terence.
Terence is almost dead.
Terence barely misses you.
You hit Terence but do no damage.
Terence is almost dead.
Terence hits you with a +0 mace.
You hit Terence but do no damage.
Terence is almost dead.
Terence shouts, "ATTACK!!!"
Terence closely misses you.
Your chain mail prevents you from hitting Terence.
Terence is almost dead.
Terence hits you with a +0 mace.
You hit Terence.
Terence is almost dead.
Terence hits you with a +0 mace.
* * * LOW HITPOINT WARNING * * *
You hit Terence but do no damage.
Terence is almost dead.
Terence hits you with a +0 mace.
* * * LOW HITPOINT WARNING * * *
You barely miss Terence.
Terence is almost dead.
Terence hits you but does no damage.
You completely miss Terence.
Terence is almost dead.
Terence hits you with a +0 mace.
* * * LOW HITPOINT WARNING * * *
You completely miss Terence.
Terence is almost dead.
Terence hits you with a +0 mace.
* * * LOW HITPOINT WARNING * * *
You hit Terence but do no damage.
Terence is almost dead.
Terence hits you with a +0 mace!
You die...

#.#####.########.#######
#....(.........[........
######.#################
#.........# #.####.##.#
#.##.# #.##.# #.##.#
#.##@# #.##@# ##########
#. #.####.$......##
#....@...........
#.................###
#.................#
#..........########
#..........#
############


You could see Terence.

Vanquished Creatures
  A hound (D:2)
  An adder (D:2)
  2 dart slugs (D:1)
  3 ball pythons (D:1)
  4 bats
  2 hobgoblins
  8 jackals (D:1)
  2 kobolds (D:1)
  A quokka (D:1)
  A frilled lizard (D:1)
  2 rats (D:2)
27 creatures vanquished.

Notes
Turn   | Place    | Note
-------+----------+-------------------------------------------
     0 | D:1      | siradein the Hill Orc Monk began the quest for the Orb.
     0 | D:1      | Reached XP level 1. HP: 19/19 MP: 1/1
   340 | D:1      | Reached XP level 2. HP: 21/26 MP: 2/2
   619 | D:1      | Reached skill level 5 in Axes
   939 | D:1      | Reached XP level 3. HP: 30/31 MP: 3/3
  1370 | D:2      | Reached skill level 6 in Axes
  1370 | D:2      | Reached XP level 4. HP: 19/39 MP: 4/4
  1758 | D:2      | Noticed Terence
  1794 | D:2      | Slain by Terence

Illustrated notes

Levels and vault maps discovered:
D:1:      shiori_arrival_elements, layout_loops_corners
D:2:      layout_basic, serial_shops, nicolae_shop_behind_doors, uniq_terence,
          uniq_jessica, uniq_robin

Skill      XL: |  1  2  3 |
---------------+----------+-----
Axes           | 5 6 |  6.6
Fighting       | |  3.6
Dodging        | |  2.4
Stealth        | |  1.5

Action                   |  1- 3 |  4- 6 || total
-------------------------+-------+-------++-------
Melee: Hand axe          |    76 |    55 ||   131
 Stab: Sleeping          |     3 |       ||     3
Armor: Robe              |    13 |     8 ||    21
       Chain mail        |       |    18 ||    18
Dodge: Dodged            |    50 |    45 ||    95

Table legend: (Time is in decaauts)
 A = Elapsed time spent in this place.
 B = Non-inter-level travel time spent in this place.
 C = Inter-level travel time spent in this place.
 D = Time resting spent in this place.
 E = Time spent auto-exploring this place.
 F = Levels seen in this place.
 G = Mean time per level.
                   A        B        C        D        E       F      G
               +--------+--------+--------+--------+--------+-----+--------+
         Total |   1796 |   1736 |     60 |      0 |   1458 |   2 |  898.0 |
       Dungeon |   1796 |   1736 |     60 |      0 |   1458 |   2 |  898.0 |
               +--------+--------+--------+--------+--------+-----+--------+

Top non-repeatable levels by time:
     D:1: 1349 daAuts
     D:2: 447 daAuts
